 Dungeon Crawl Stone Soup version 0.16.2-12-gd0ad4c3 (webtiles) character file.

1599 carl the Arsonist (level 8, -7/41 HPs)
             Began as a Gargoyle Fire Elementalist on Oct 17, 2015.
             Mangled by an orc warrior
             ... wielding a +0 dire flail
              (17 damage)
             ... on level 6 of the Dungeon.
             The game lasted 00:20:50 (7036 turns).

carl the Arsonist (Gargoyle Fire Elementalist)      Turns: 7036, Time: 00:20:52

Health: -7/41      AC: 16    Str: 13    XL:     8   Next: 94%
Magic:  4/13       EV: 12    Int: 17    God:
Gold:   349        SH:  0    Dex: 10    Spells: 3 memorised, 3 levels left

rFire  . . .     SeeInvis .     O - +1 flail (protect)
rCold  + . .     Clarity  .     N - +2 robe {Archmagi}
rNeg   + . .     SustAb   .     (no shield)
rPois  ∞         Gourm    .     M - +0 helmet
rElec  +         Spirit   .     w - +0 cloak
rCorr  .         Warding  .     (no gloves)
rMut   .         Stasis   .     (no boots)
MR     .....                    (no amulet)
Stlth  ++........               (no ring)
                                j - ring of protection from cold

@: very slightly contaminated, not resistant to hostile enchantments, unstealthy
A: negative energy resistance 1, electricity resistance, unbreathing,
petrification resistance, rot immunity, AC +5
a: no special abilities


You were on level 6 of the Dungeon.
You were hungry.

You visited 1 branch of the dungeon, and saw 6 of its levels.

You collected 349 gold pieces.

Inventory:

Hand weapons
 O - a +1 flail of protection (weapon)
Armour
 d - a +0 buckler
 w - a +0 cloak (worn)
 M - a +0 helmet (worn)
 N - a +2 robe of the Archmagi (worn)
Jewellery
 j - a ring of protection from cold (left hand)
 I - an uncursed ring of ice
Magical devices
 g - a wand of draining (5)
 J - a wand of confusion (2)
 L - a wand of random effects (13)
Scrolls
 a - a scroll of fog {unknown}
 f - a scroll of blinking {unknown}
 m - 6 scrolls of remove curse
 o - a scroll of fear {unknown}
 r - 3 scrolls of immolation {unknown}
 t - 2 scrolls of recharging {unknown}
 u - 2 scrolls of enchant weapon {unknown}
 y - 4 scrolls of enchant armour {unknown}
 A - a scroll of amnesia {unknown}
 D - 4 scrolls of identify {unknown}
 F - a scroll of teleportation {unknown}
Potions
 e - a potion of cure mutation {unknown}
 i - 4 potions of curing {unknown}
 l - 2 potions of agility {unknown}
 n - a potion of resistance {unknown}
 p - 2 potions of beneficial mutation {unknown}
 q - 6 potions of brilliance {unknown}
 s - 2 potions of poison {unknown}
 v - 2 potions of cancellation {unknown}
 x - 2 potions of lignification {unknown}
 z - 2 potions of haste {unknown}
 B - a potion of heal wounds {unknown}
 G - 2 potions of flight {unknown}
Books
 b - a book of Flames

   Spells                             Type                      Level
   a - Flame Tongue                   Conjuration/Fire             1
   b - Throw Flame                    Conjuration/Fire             2
   c - Conjure Flame                  Conjuration/Fire             3
   d - Inner Flame                    Hexes/Fire                   3
   e - Sticky Flame                   Conjuration/Fire             4
   f - Fireball                       Conjuration/Fire             5
Comestibles
 c - 3 bread rations
 h - 3 beef jerkies
 k - a slice of pizza
 C - 2 meat rations
 E - a royal jelly
 H - 3 fruits
 P - 3 chunks of flesh


   Skills:
 - Level 1.5 Dodging
 - Level 2.1 Stealth
 - Level 2.0 Spellcasting
 + Level 8.1 Conjurations
 - Level 8.6 Fire Magic


You had 3 spell levels left.
You knew the following spells:

 Your Spells              Type           Power        Failure   Level  Hunger
a - Flame Tongue          Conj/Fire      #####        1%          1    #......
b - Conjure Flame         Conj/Fire      #####...     1%          3    ###....
c - Sticky Flame          Conj/Fire      #####...     10%         4    #####..


Dungeon Overview and Level Annotations

Branches:
Dungeon (6/15)
 Temple: D:4-7

Altars:
Ashenzari
Elyvilon
Kikubaaqudgha
Makhleb
Okawaru
Qazlal

Annotations:
D:3 Kharon's ghost, average HaAs


Innate Abilities, Weirdness & Mutations

You are resistant to torment.
You are immune to poison.
Your stone body is very resilient (AC +5).
You resist negative energy.
You are resistant to electric shocks.
You can survive without breathing.
You are immune to petrification.
You are immune to rotting.


Message History

Casting: Flame Tongue
Confirm with . or Enter, or press ? or * to list all spells.
Aiming: Flame Tongue
Press: ? - help, Shift-Dir - straight line, f - orc warrior
Aim: an orc warrior, wielding a dire flail and wearing a plate armour You feel a surge of power!
The flame tongue hits the orc warrior.
The orc warrior is moderately wounded.
Casting: Flame Tongue
Confirm with . or Enter, or press ? or * to list all spells.
Aiming: Sticky Flame
Press: ? - help, Shift-Dir - straight line, f/p - orc warrior
Aim: an orc warrior, wielding a dire flail and wearing a plate armour (moderately wounded)
You feel a surge of power!
You miscast Sticky Flame.
You are very lightly contaminated with residual magic.
You are caught in a fiery explosion!
The explosion engulfs you!
* * * LOW HITPOINT WARNING * * *
The explosion engulfs the orc warrior.
You are feeling hungry.
The orc warrior hits you with a dire flail!
You die...

.... . . .... ..... .....
.... .%%... .....' ....
..... .....# ..... #...
#....# #.....
..##.†.##s...# # #.....
..............##... #.....
......).......#.>.. #.....
........o@....'.....#.....
+#####+##....#.....#.....
##...##....#.....#.....
+.....'....#.....'....)
#....##....####'##.....
#....##....##....#.....
##...##.....#....'.....
#...##.....+....#.....
#...)).....#....#.....


You could see an orc warrior and a giant cockroach.

Vanquished Creatures
  Prince Ribbit (D:5)
  A wyvern (D:4)
  2 ogres
  Sigmund (D:3)
  A giant frog (D:6)
  Blork the orc (D:5)
  A gnoll sergeant (D:5)
  2 scorpions
  A goliath beetle (D:6)
  A crimson imp (D:5)
  A jelly (D:6)
  A giant frog skeleton (D:5)
  Crazy Yiuf (D:3)
  An iguana (D:5)
  3 orc priests
  2 orc wizards
  3 worker ants
  Jessica (D:2)
  Terence (D:2)
  7 gnolls
  6 adders
  3 shadow imps (D:5)
  A worm (D:2)
  An adder zombie (D:5)
  2 adder skeletons
  9 giant geckos
  12 orcs
  2 ball pythons
  16 bats
  A bat skeleton (D:6)
  2 giant cockroaches
  8 goblins
  18 hobgoblins
  3 jackals (D:1)
  13 kobolds
  5 quokkas
  A giant gecko zombie (D:5)
  4 giant newts
  12 rats
  6 ballistomycetes (D:5)
158 creatures vanquished.

Vanquished Creatures (others)
  2 giant spores (D:5)
2 creatures vanquished.

Grand Total: 160 creatures vanquished

Notes
Turn   | Place    | Note
--------------------------------------------------------------
     0 | D:1      | carl, the Gargoyle Fire Elementalist, began the quest for the Orb.
     0 | D:1      | Reached XP level 1. HP: 10/10 MP: 3/3
   277 | D:1      | Reached XP level 2. HP: 15/15 MP: 2/4
   902 | D:1      | Reached skill level 4 in Fire Magic
   989 | D:1      | Reached XP level 3. HP: 19/19 MP: 4/6
  1301 | D:2      | Learned a level 3 spell: Conjure Flame
  1310 | D:2      | Noticed Terence
  1678 | D:2      | Killed Terence
  1678 | D:2      | Reached XP level 4. HP: 17/24 MP: 2/7
  1750 | D:2      | Noticed Jessica
  1753 | D:2      | Killed Jessica
  1753 | D:2      | Reached skill level 5 in Fire Magic
  2066 | D:2      | Found a stormy altar of Qazlal.
  2329 | D:3      | Noticed Sigmund
  2442 | D:3      | Found an ancient bone altar of Kikubaaqudgha.
  2605 | D:3      | Noticed Kharon's ghost (average HaAs)
  2894 | D:4      | Reached XP level 5. HP: 28/28 MP: 2/9
  2981 | D:4      | Found a burning altar of Makhleb.
  3045 | D:4      | Found a white marble altar of Elyvilon.
  3208 | D:4      | Found an iron altar of Okawaru.
  3375 | D:4      | Reached skill level 6 in Fire Magic
  3549 | D:4      | Noticed a wyvern
  3560 | D:4      | Killed a wyvern
  3560 | D:4      | Reached skill level 7 in Fire Magic
  3560 | D:4      | Reached XP level 6. HP: 32/32 MP: 1/10
  3768 | D:4      | Noticed an ogre
  3774 | D:4      | Killed an ogre
  3774 | D:4      | Reached XP level 7. HP: 36/36 MP: 2/12
  3906 | D:3      | Killed Sigmund
  3906 | D:3      | Reached skill level 8 in Fire Magic
  4101 | D:3      | Noticed Crazy Yiuf
  4108 | D:3      | Killed Crazy Yiuf
  4321 | D:5      | Entered Level 5 of the Dungeon
  4340 | D:5      | Noticed Blork the orc
  4638 | D:5      | Learned a level 4 spell: Sticky Flame
  4741 | D:5      | Noticed Prince Ribbit
  4752 | D:5      | Killed Prince Ribbit
  4752 | D:5      | Reached XP level 8. HP: 20/41 MP: 4/13
  5024 | D:5      | Killed Blork the orc
  5221 | D:5      | Reached skill level 5 in Conjurations
  6679 | D:6      | Found a shattered altar of Ashenzari.
  6844 | D:6      | Got a brightly glowing robe
  6871 | D:6      | Identified the +1 robe "Guro" {rElec Int+2} (You found it on level 6 of the Dungeon)
  7036 | D:6      | Mangled by an orc warrior

Action                   |  1- 3 |  4- 6 |  7- 9 || total
-------------------------+-------+-------+-------++-------
Melee: Club              |    32 |    24 |       ||    56
       Flail             |       |       |   102 ||   102
 Cast: Flame Tongue      |    62 |    81 |   177 ||   320
       Conjure Flame     |       |     1 |     3 ||     4
       Sticky Flame      |       |       |     8 ||     8
Evoke: Wand              |       |       |    17 ||    17
  Use: Scroll            |       |       |     1 ||     1
 Stab: Sleeping          |     2 |     1 |     1 ||     4
  Eat: Chunk             |     3 |     8 |    16 ||    27
